 Dungeon Crawl Stone Soup version 0.25.0-46-gbd7b0854d2 (webtiles) character file.

Game seed: 940641974204876658

75 protoss039 the Digger (level 4, -1/36 HPs)
             Began as a Deep Elf Earth Elementalist on July 15, 2020.
             Slain by Sigmund
             ... wielding a +0 scythe
              (13 damage)
             ... on level 3 of the Dungeon.
             The game lasted 00:04:48 (2575 turns).

protoss039 the Digger (Deep Elf Earth Elementalist) Turns: 2575, Time: 00:04:49

Health: -1/36      AC:  4    Str:  5    XL:     4   Next: 11%
Magic:  9/12       EV: 13    Int: 21    God:
Gold:   123        SH:  0    Dex: 15    Spells: 1/11 levels left

rFire    . . .     SeeInvis .   f - +0 short sword
rCold    . . .     Gourm    .   (no shield)
rNeg     . . .     Faith    .   c - +0 robe
rPois    .         Spirit   .   o - +0 helmet
rElec    .         Reflect  .   (no cloak)
rCorr    .         Harm     .   (no gloves)
MR       .....                  l - +0 pair of boots (curse)
Stlth    ..........             (no amulet)
HPRegen  0.12/turn              (no ring)
MPRegen  0.13/turn              (no ring)

@: confused, berserking, flying, very quick
A: no striking features
a: no special abilities


You were on level 3 of the Dungeon.
You were not hungry.

You visited 1 branch of the dungeon, and saw 3 of its levels.

You collected 123 gold pieces.

Inventory:

Hand Weapons
 f - a +0 short sword (weapon)
Missiles
 b - 71 stones (quivered)
Armour
 c - a +0 robe (worn)
 l - a cursed +0 pair of boots (worn)
 o - a +0 helmet (worn)
Wands
 r - a wand of paralysis (8)
Scrolls
 a - a scroll of amnesia {unknown}
 e - 4 scrolls of teleportation {unknown}
 h - 2 scrolls of identify {unknown}
 j - 2 scrolls of blinking {unknown}
 p - a scroll of fear {unknown}
 q - a scroll of remove curse {unknown}
Potions
 g - a potion of flight
 k - a potion of lignification {unknown}
 n - a potion of might {unknown}
Comestibles
 d - 6 rations


   Skills:
 - Level 3.0 Dodging
 - Level 3.0 Stealth
 + Level 4.2 Spellcasting
 - Level 1.1 Transmutations
 + Level 4.3 Earth Magic


You had one spell level left.
You knew the following spells:

 Your Spells              Type           Power        Failure   Level  Hunger
a - Sandblast             Erth           ###...       1%          1    None
b - Passwall              Tmut/Erth      ###.....     6%          2    #......
c - Stone Arrow           Conj/Erth      ##....       14%         3    ###....
d - Petrify               Tmut/Erth      ###.....     36%         4    ####...

Your spell library contained the following spells:

 Spells                   Type           Power        Failure   Level  Hunger
 Lee's Rapid Deconstruct  Erth           ###.......   47%         5    ######.


Dungeon Overview and Level Annotations

Branches:
Dungeon (3/15)

Altars:
Kikubaaqudgha
Qazlal
Wu Jian

Annotations:
D:3 Sigmund


Message History

Unknown command.
Unknown command.
The hobgoblin barely misses you. Sigmund gestures at you while chanting.
You resist with some effort.
You bump into the rock wall.
The hobgoblin hits you with a +0 club. Sigmund misses you.
You're too confused to move!
The hobgoblin closely misses you.
It was a potion of flight.
You feel very buoyant.
You fly up into the air.
Sigmund casts a spell.
Sigmund flickers and vanishes!
Deactivating autopickup; reactivate with Ctrl-A.
The hobgoblin hits you with a +0 club.
Unknown command.
It was a potion of berserk rage.
A red film seems to cover your vision as you go berserk!
You feel yourself moving faster!
You feel mighty! Something hits you!
You die...

#.# #.# #.# ###
#.#... #.#^###
#.....
#.#######.#.#####
.......@g{.......
#########.#.#..#.
#.# # #.# #.# #.#
#.##############
#...............
#.##############


You could see a hobgoblin.

Vanquished Creatures
  Natasha (D:2)
  2 adders (D:2)
  A dart slug (D:1)
  A leopard gecko (D:3)
  A ball python (D:2)
  A giant cockroach (D:2)
  3 goblins
  A hobgoblin (D:2)
  4 jackals (D:2)
  3 kobolds
  2 bats (D:1)
  4 frilled lizards
  4 rats
  3 rat zombies (D:2)
31 creatures vanquished.

Notes
Turn   | Place    | Note
-------+----------+-------------------------------------------
     0 | D:1      | protoss039 the Deep Elf Earth Elementalist began the quest
                  | for the Orb.
     0 | D:1      | Reached XP level 1. HP: 10/10 MP: 6/6
   369 | D:1      | Reached XP level 2. HP: 7/15 MP: 5/8
  1482 | D:2      | Reached XP level 3. HP: 14/19 MP: 9/9
  1827 | D:2      | Noticed Natasha
  1832 | D:2      | Killed Natasha
  2065 | D:2      | Found a stormy altar of Qazlal.
  2066 | D:2      | Found an ornate altar of the Wu Jian Council.
  2092 | D:2      | Reached XP level 4. HP: 24/24 MP: 10/12
  2236 | D:2      | Found an ancient bone altar of Kikubaaqudgha.
  2360 | D:2      | Learned a level 2 spell: Passwall
  2364 | D:2      | Learned a level 3 spell: Stone Arrow
  2369 | D:2      | Learned a level 4 spell: Petrify
  2567 | D:3      | Noticed Sigmund
  2575 | D:3      | Slain by Sigmund

Illustrated notes

Levels and vault maps discovered:
D:1:      minmay_arrival_three_doors, layout_rooms, minmay_misc_feat_doors,
          minmay_cupped
D:2:      layout_loops_ring, gammafunk_temple_overflow_statue,
          lemuel_zombie_altar_kikubaaqudgha, uniq_natasha
D:3:      layout_basic, riverfiend_overflow_shadow_ancestor,
          nicolae_overflow_hidden_temple, first_ration,
          minmay_misc_feat_more_columns, uniq_grinder, uniq_sigmund

Skill      XL: |  1  2  3 |
---------------+----------+-----
Dodging        | 3 |  3.0
Stealth        | 3 |  3.0
Spellcasting   | 4 |  4.2
Earth Magic    | 4 |  4.3
Transmutations | |  1.1

Action                   |  1- 3 |  4- 6 || total
-------------------------+-------+-------++-------
Melee: Short sword       |    74 |    22 ||    96
 Cast: Sandblast         |    18 |     2 ||    20
       Stone Arrow       |       |     1 ||     1
  Use: Potion            |       |     2 ||     2
 Stab: Distracted        |       |     2 ||     2
  Eat: Chunk             |     4 |     1 ||     5
Armor: Robe              |    24 |     5 ||    29
Dodge: Dodged            |    57 |    18 ||    75
